 Dungeon Crawl Stone Soup version 0.16-a0-3855-gd2600ac (console) character file.

2706 Monkaria the Cleaver (level 9, -6/81 HPs)
             Began as a Hill Orc Fighter on Jan 31, 2015.
             Was a Believer of Makhleb.
             Mangled by a hill giant
             ... wielding a +0 giant club
              (29 damage)
             ... on level 8 of the Dungeon.
             The game lasted 00:13:23 (6513 turns).

Monkaria the Cleaver (Hill Orc Fighter)             Turns: 6513, Time: 00:13:23

Health: -6/81      AC: 10    Str: 22    XL:     9   Next: 65%
Magic:  9/9        EV:  7    Int:  8    God:    Makhleb [**....]
Gold:   175        SH:  9    Dex: 10    Spells: 0 memorised, 8 levels left

rFire  . . .     SeeInvis .     q - +0 blowgun
rCold  . . .     Clarity  .     b - +0 scale mail
rNeg   . . .     SustAb   .     c - +0 shield
rPois  .         Gourm    .     (no helmet)
rElec  .         Spirit   .     u - +0 cloak
rCorr  .         Warding  .     g - +1 pair of gloves
rMut   .         Stasis   .     (no boots)
MR     .....                    (no amulet)
Stlth  ..........               (no ring)
                                (no ring)

@: not resistant to hostile enchantments, extremely unstealthy
A: deterioration 1, screaming 1
a: Minor Destruction, Renounce Religion


You were on level 8 of the Dungeon.
You worshipped Makhleb.
Makhleb was pleased with you.
You were hungry.

You visited 2 branches of the dungeon, and saw 9 of its levels.

You collected 350 gold pieces.
You spent 175 gold pieces at shops.

Inventory:

Hand weapons
 a - a +0 war axe
 q - a +0 blowgun (weapon)
Missiles
 k - 7 needles of confusion
 r - 12 poisoned needles (quivered)
 y - 9 curare-tipped needles
Armour
 b - a +0 scale mail (worn)
 c - a +0 shield (worn)
 g - a +1 pair of gloves (worn)
 u - a +0 cloak (worn)
Jewellery
 I - an uncursed ring of teleportation
Magical devices
 j - a wand of slowing (31)
 E - a wand of paralysis (17)
Scrolls
 f - 3 scrolls of teleportation
 n - a scroll of brand weapon {unknown}
 s - 2 scrolls of blinking
 x - 2 scrolls of recharging {unknown}
 A - a scroll of fog {unknown}
 B - 3 scrolls of vulnerability {unknown}
 C - a scroll of identify
Potions
 e - 3 potions of might
 h - 4 potions of restore abilities
 i - a potion of invisibility
 t - 2 potions of lignification
 v - 2 potions of cancellation {unknown}
 w - 3 potions of heal wounds
 z - 3 potions of curing
 D - a potion of agility
Books
 l - a Young Poisoner's Handbook

   Spells                             Type                      Level
   a - Sting                          Conjuration/Poison           1
   b - Cure Poison                    Poison                       2
   c - Mephitic Cloud                 Conjuration/Poison/Air       3
   d - Olgreb's Toxic Radiance        Poison                       4
   e - Venom Bolt                     Conjuration/Poison           5
 F - a book of Clouds

   Spells                             Type                      Level
   a - Mephitic Cloud                 Conjuration/Poison/Air       3
   b - Conjure Flame                  Conjuration/Fire             3
   c - Poisonous Cloud                Conjuration/Poison/Air       6
   d - Freezing Cloud                 Conjuration/Ice/Air          6
   e - Ring of Flames                 Charms/Fire                  7
 G - a book of Frost

   Spells                             Type                      Level
   a - Freeze                         Ice                          1
   b - Throw Frost                    Conjuration/Ice              2
   c - Ozocubu's Armour               Charms/Ice                   3
   d - Throw Icicle                   Conjuration/Ice              4
   e - Summon Ice Beast               Ice/Summoning                4
   f - Condensation Shield            Ice                          4
Comestibles
 d - 5 meat rations
 m - 4 bread rations
 o - 3 fruits
 p - a royal jelly


   Skills:
 + Level 8.2 Fighting
 - Level 14.1 Axes
 - Level 3.4 Armour
 - Level 3.5 Shields


You had 8 spell levels left.
You didn't know any spells.

Dungeon Overview and Level Annotations

Branches:
Dungeon (8/15)             Temple (1/1) D:4
   Lair: D:8-11

Altars:
Ashenzari
Cheibriados
Dithmenos
Elyvilon
Fedhas
Gozag
Kikubaaqudgha
Makhleb
Nemelex Xobeh
Okawaru
Qazlal
Ru
Sif Muna
Trog
Vehumet
Xom
Yredelemnul
Zin
The Shining One

Shops:
D:6 !


Innate Abilities, Weirdness & Mutations

Your body is slowly deteriorating.
You occasionally shout uncontrollably at your foes.


Message History

Unknown command.
Firing (i - inventory. (,) - cycle):
r - 14 poisoned needles (quivered)
Press: ? - help, Shift-Dir - straight line, f/p - hill giant
Aim: a hill giant, wielding a giant club (heavily wounded, poisoned)
You shoot a poisoned needle.
The poisoned needle barely misses the hill giant.
Press: ? - help, v - describe, . - travel
Here: a hill giant, wielding a giant club (heavily wounded, poisoned)
The floor.
Unknown command.
You block the hill giant's attack.
Firing (i - inventory. (,) - cycle):
r - 13 poisoned needles (quivered)
Press: ? - help, Shift-Dir - straight line, f/p - hill giant
Aim: a hill giant, wielding a giant club (severely wounded, poisoned)
You shoot a poisoned needle.
The poisoned needle hits the hill giant.
The hill giant looks even sicker.
The hill giant is severely wounded.
The hill giant hits you with a giant club!!
You die...

#^###....###.## #.# #.#
#.....#...## #.#
#.###..........#########.#
##....#.###...##.........#
####.#.# #..###.#########
#.#(###>.###.#
#.#..........#
#.#####..##### ###
#....@C..# ###<##########.#
#.....#### #.# ##........#
#.# ##..._.....#####.####
#.#............)....#
##..........####.##.#######
##.##[....................#
##.#.#.##.##......######.


You could see a hill giant.

Vanquished Creatures
  A centaur skeleton (D:6)
  2 hippogriffs (D:7)
  A hungry ghost (D:7)
  Edmund (D:5)
  A water moccasin (D:7)
  2 sky beasts
  5 ogres
  A phantom (D:7)
  A centaur (D:6)
  A wyvern zombie (D:6)
  A scorpion (D:8)
  2 jellies
  5 hounds
  A quasit (D:7)
  A goliath beetle (D:7)
  A giant frog skeleton (D:6)
  2 orc wizards (D:8)
  Natasha (thrice) (D:5)
  3 iguanas
  7 worker ants
  Ijyb (D:3)
  A hound zombie (D:7)
  A hound skeleton (D:6)
  3 gnolls (D:7)
  7 adders
  2 giant mites
  2 worms
  4 giant geckos
  2 oozes
  11 orcs
  3 ball pythons
  A bat skeleton (D:4)
  7 giant cockroaches
  7 goblins
  18 hobgoblins
  10 kobolds
  3 quokkas
  8 bats
  A giant cockroach zombie (D:5)
  7 giant newts
  10 rats
151 creatures vanquished.

Notes
Turn   | Place    | Note
--------------------------------------------------------------
     0 | D:1      | Monkaria, the Hill Orc Fighter, began the quest for the Orb.
     0 | D:1      | Reached XP level 1. HP: 19/19 MP: 1/1
    65 | D:1      | Reached XP level 2. HP: 24/27 MP: 2/2
   145 | D:1      | Reached skill level 4 in Fighting
   309 | D:1      | Found a snail-covered altar of Cheibriados.
   313 | D:1      | Reached XP level 3. HP: 31/33 MP: 3/3
   525 | D:2      | Found a radiant altar of Vehumet.
   893 | D:2      | Found an opulent altar of Gozag.
  1203 | D:3      | Reached XP level 4. HP: 40/40 MP: 4/4
  1217 | D:3      | Found a blossoming altar of Fedhas.
  1259 | D:3      | Noticed Ijyb
  1273 | D:3      | Reached skill level 5 in Axes
  1282 | D:3      | Killed Ijyb
  1390 | D:3      | Found a shattered altar of Ashenzari.
  1576 | D:4      | Reached XP level 5. HP: 37/46 MP: 5/5
  1578 | D:4      | Reached skill level 6 in Axes
  1647 | D:4      | Found a basalt altar of Yredelemnul.
  1647 | D:4      | Found a stormy altar of Qazlal.
  1682 | D:4      | Found a staircase to the Ecumenical Temple.
  1774 | Temple   | Entered the Ecumenical Temple
  2013 | Temple   | Became a worshipper of Makhleb the Destroyer
  2176 | D:4      | Reached skill level 7 in Axes
  2177 | D:4      | Noticed an ogre
  2186 | D:4      | Killed an ogre
  2186 | D:4      | Reached XP level 6. HP: 21/52 MP: 6/6
  2345 | D:4      | Reached skill level 8 in Axes
  2395 | D:4      | Found a shadowy altar of Dithmenos.
  2774 | D:5      | Entered Level 5 of the Dungeon
  3248 | D:5      | Reached skill level 9 in Axes
  3274 | D:5      | Reached XP level 7. HP: 31/59 MP: 7/7
  3403 | D:5      | Noticed Edmund
  3425 | D:5      | Noticed Natasha
  3426 | D:5      | Killed Edmund
  3426 | D:5      | Reached skill level 10 in Axes
  3430 | D:5      | Killed Natasha
  3638 | D:5      | Noticed Natasha
  3644 | D:5      | Killed Natasha
  3644 | D:5      | Acquired Makhleb's first power
  3759 | D:5      | Noticed Natasha
  3767 | D:5      | Killed Natasha
  4091 | D:6      | Reached skill level 11 in Axes
  4091 | D:6      | Reached XP level 8. HP: 66/66 MP: 8/8
  4226 | D:6      | Found Pnozierr's Distillery.
  4229 | D:6      | Noticed a centaur skeleton
  4249 | D:6      | Killed a centaur skeleton
  4249 | D:6      | Reached skill level 12 in Axes
  4262 | D:6      | Bought a potion of heal wounds for 50 gold pieces
  4262 | D:6      | Bought a potion of curing for 30 gold pieces
  4262 | D:6      | Bought a potion of mutation for 25 gold pieces
  4262 | D:6      | Bought a potion of agility for 40 gold pieces
  4262 | D:6      | Bought a potion of lignification for 30 gold pieces
  4773 | D:6      | Reached skill level 13 in Axes
  4882 | D:7      | Acquired Makhleb's second power
  4960 | D:7      | Found a white marble altar of Elyvilon.
  4967 | D:7      | Reached XP level 9. HP: 71/71 MP: 9/9
  5149 | D:7      | Found a sparkling altar of Nemelex Xobeh.
  5174 | D:7      | Reached skill level 14 in Axes
  5436 | D:7      | Reached skill level 5 in Fighting
  5587 | D:7      | Gained mutation: You occasionally shout uncontrollably at your foes. [mutagenic meat]
  5588 | D:7      | Gained mutation: Your body is slowly deteriorating. [potion of mutation]
  5588 | D:7      | Gained mutation: Your body is deteriorating. [potion of mutation]
  5588 | D:7      | Lost mutation: Your body is deteriorating. [potion of mutation]
  5675 | D:7      | Found a sacrificial altar of Ru.
  6203 | D:8      | Found a blossoming altar of Fedhas.
  6359 | D:8      | Found a shimmering altar of Xom.
  6442 | D:8      | Noticed a hill giant
  6513 | D:8      | Mangled by a hill giant

Action                   |  1- 3 |  4- 6 |  7- 9 || total
-------------------------+-------+-------+-------++-------
Melee: War axe           |   107 |   151 |   320 ||   578
 Fire: Blowgun           |       |       |    12 ||    12
  Use: Scroll            |       |       |    10 ||    10
       Potion            |       |       |     1 ||     1
  Eat: Chunk             |     1 |     6 |    11 ||    18
       Fruit             |       |     1 |       ||     1
